 Dungeon Crawl Stone Soup version 0.20-a0-622-g01f5896 (webtiles) character file.

77630 Laphicet the Fighter (level 15, -4/130 HPs)
             Began as a Pale Draconian Assassin on Feb 8, 2017.
             Was a High Priest of Zin.
             Succumbed to Nessos's poison
             ... on level 12 of the Dungeon on Feb 9, 2017.
             The game lasted 02:09:55 (41941 turns).

Laphicet the Fighter (Pale Draconian Assassin)     Turns: 41941, Time: 02:09:56

Health: -4/130     AC: 18    Str: 19    XL:     15   Next: 15%
Magic:  24/28      EV: 16    Int: 16    God:    Zin [*****.]
Gold:   73         SH:  8    Dex: 13    Spells: 17/32 levels left

rFire    . . .     SeeInvis .   G - +9 hand axe of Honour {distort, +Blink +Inv rC+ Str+4}
rCold    + + .     Gourm    .   (armour unavailable)
rNeg     + . .     Faith    .   T - +3 buckler
rPois    .         Spirit   .   (helmet restricted)
rElec    .         Reflect  .   y - +2 cloak {MR+}
rCorr    .         Harm     .   R - +2 pair of gloves
MR       ++...                  d - +2 pair of boots
Stlth    ++++......             (no amulet)
Regen    0.4/turn               Y - ring of positive energy
                                x - ring of protection from cold

@: lethally poisoned (-4 -> -40), short of breath
A: breathe steam, unfitting armour, cold-blooded, AC +9
a: Breathe Steam, Recite, Vitalisation, Imprison, Sanctuary, Donate Gold,
Renounce Religion, Evoke Blink, Evoke Invisibility


You were on level 12 of the Dungeon.
You worshipped Zin.
Zin was extremely pleased with you.
You were not hungry.

You visited 5 branches of the dungeon, and saw 23 of its levels.
You also visited: Ice Cave.

You collected 1629 gold pieces.
You spent 1394 gold pieces at shops.
You donated 162 gold pieces to Zin.

Inventory:

Hand Weapons
 e - a +1 dagger of venom
 z - a +0 falchion of flaming
 A - a +1 falchion of protection
 G - the +9 hand axe of Honour (weapon) {distort, +Blink +Inv rC+ Str+4}
   (You took it off an orc wizard on level 7 of the Dungeon)

   It warps and distorts space around it.
   Unwielding it can cause banishment or high damage.
   It affects your strength (+4).
   It protects you from cold.
   It lets you turn invisible.
   It lets you blink.
Armour
 d - a +2 pair of boots (worn)
 y - a +2 cloak of magic resistance (worn)
 L - the +1 cloak of Starlight {rElec rC+ EV+4 Stlth--}
   (You bought it in a shop on level 2 of the Orcish Mines)

   It affects your evasion (+4).
   It protects you from cold.
   It insulates you from electricity.
   It makes you much less stealthy.
 R - a +2 pair of gloves (worn)
 T - a +3 buckler (worn)
Jewellery
 x - a ring of protection from cold (left hand)
 C - a +2 ring of intelligence
 Y - a ring of positive energy (right hand)
Wands
 b - a wand of enslavement (9/24)
 l - a wand of iceblast (0/15)
 v - a wand of digging (9/24)
 O - a wand of paralysis (4/24)
 S - a wand of confusion (17/48)
 Z - a wand of flame (7/48)
Scrolls
 a - a scroll of identify
 i - 11 scrolls of remove curse
 j - a scroll of amnesia
 m - 3 scrolls of teleportation
 o - a scroll of magic mapping
 t - 3 scrolls of recharging
 B - 5 scrolls of immolation
 I - 3 scrolls of blinking
 K - a scroll of enchant armour
Potions
 h - 6 potions of curing
 k - a potion of heal wounds
 n - a potion of brilliance
 p - a potion of invisibility
 q - 2 potions of flight
 u - a potion of haste
 w - a potion of berserk rage {unknown}
 D - a potion of agility
 H - 3 potions of might
 N - a potion of magic
 X - 3 potions of cancellation
Books
 c - a book of Minor Magic

   Spells                             Type                      Level
   a - Magic Dart                     Conjuration                  1
   b - Blink                          Translocation                2
   c - Call Imp                       Summoning                    2
   d - Slow                           Hexes                        2
   e - Conjure Flame                  Conjuration/Fire             3
   f - Mephitic Cloud                 Conjuration/Poison/Air       3
 r - a book of Misfortune

   Spells                             Type                      Level
   a - Confusing Touch                Hexes                        1
   b - Confuse                        Hexes                        3
   c - Gell's Gravitas                Hexes/Translocation          3
   d - Petrify                        Transmutation/Earth          4
   e - Metabolic Englaciation         Hexes/Ice                    5
   f - Yara's Violent Unravelling     Hexes/Transmutation          5
 E - a Young Poisoner's Handbook

   Spells                             Type                      Level
   a - Sting                          Conjuration/Poison           1
   b - Poisonous Vapours              Poison/Air                   2
   c - Mephitic Cloud                 Conjuration/Poison/Air       3
   d - Olgreb's Toxic Radiance        Poison                       4
   e - Venom Bolt                     Conjuration/Poison           5
 F - Alaid's Catalogue of Earthen Intoxication
   (You found it on level 10 of the Dungeon)

   Spells                             Type                      Level
   a - Sandblast                      Earth                        1
   b - Passwall                       Transmutation/Earth          2
   c - Mephitic Cloud                 Conjuration/Poison/Air       3
   d - Ignite Poison                  Fire/Transmutation/Poison    3
   e - Petrify                        Transmutation/Earth          4
   f - Lee's Rapid Deconstruction     Earth                        5
 M - a book of Air

   Spells                             Type                      Level
   a - Shock                          Conjuration/Air              1
   b - Swiftness                      Charms/Air                   2
   c - Static Discharge               Conjuration/Air              3
   d - Airstrike                      Air                          4
   e - Lightning Bolt                 Conjuration/Air              5
 W - a book of Ice

   Spells                             Type                      Level
   a - Ice Form                       Ice/Transmutation            4
   b - Metabolic Englaciation         Hexes/Ice                    5
   c - Ozocubu's Refrigeration        Ice                          6
   d - Bolt of Cold                   Conjuration/Ice              6
   e - Freezing Cloud                 Conjuration/Ice/Air          6
   f - Simulacrum                     Ice/Necromancy               6
Miscellaneous
 J - a lightning rod (inert)
 V - a lamp of fire (inert)
Comestibles
 f - 17 bread rations
 g - 5 royal jellies
 s - 4 fruits
 P - 2 meat rations


   Skills:
 - Level 11.2 Fighting
 - Level 8.6(8.8) Short Blades
 - Level 2.6(6.1) Long Blades
 + Level 9.2(9.5) Axes
   Level 4.0(7.1) Polearms
 - Level 1.7 Throwing
 - Level 7.3 Dodging
 - Level 10.4 Stealth
 - Level 7.0 Shields
 - Level 9.2 Spellcasting
 - Level 2.8 Conjurations
 - Level 6.0 Hexes
 - Level 6.5 Air Magic
 - Level 10.6 Invocations


You had 17 spell levels left.
You knew the following spells:

 Your Spells              Type           Power        Failure   Level  Hunger
a - Airstrike             Air            ####......   10%         4    ###....
b - Blink                 Tloc           N/A          17%         2    None
c - Confuse               Hex            ####....     2%          3    #......
m - Mephitic Cloud        Conj/Pois/Air  ###.....     12%         3    #......
s - Sting                 Conj/Pois      ##..         8%          1    None
S - Swiftness             Chrm/Air       ###.....     4%          2    None


Dungeon Overview and Level Annotations

Branches:
Dungeon (13/15)            Temple (1/1) D:5            Lair (6/6) D:10
  Swamp (1/4) Lair:2        Snake (0/4) Lair:4        Slime (0/5) Lair:5
    Orc (2/2) D:11            Elf (0/3) Orc:2
 Vaults: D:13-14

Altars:
Ashenzari
Cheibriados
Dithmenos
Elyvilon
Fedhas
Gozag
Hepliaklqana
Kikubaaqudgha
Makhleb
Nemelex Xobeh
Okawaru
Qazlal
Ru
Sif Muna
Trog
Uskayaw
Vehumet
Xom
Yredelemnul
Zin
The Shining One

Shops:
D:8 *   D:10 [   D:11 :   D:12 *   Orc:2 [=?![

Annotations:
D:13 Nessos
Lair:5 exclusion: 3 oklob plants


Innate Abilities, Weirdness & Mutations

You can breathe blasts of scalding, opaque steam.
Your pale cyan-grey scales are hard. (AC +9)
You cannot fit into any form of body armour.
You are cold-blooded and may be slowed by cold attacks.


Message History

You feel sick.
There is an open door here.
Zin releases Nessos from his prison.
You feel sick.
Nessos shoots an arrow.
The arrow hits you!
* * * LOW HITPOINT WARNING * * *
The arrow burns you.
You are lethally poisoned!
* * * LOW HITPOINT WARNING * * *
There is a stone staircase leading up, spattered with blood here.
You see here an arrow.
* * * LOW HITPOINT WARNING * * *
You feel very sick.
Nessos shoots an arrow.
The arrow hits you!
* * * LOW HITPOINT WARNING * * *
The arrow burns you.
You are more poisoned.
* * * LOW HITPOINT WARNING * * *
Nessos shoots an arrow.
You block the arrow.
You climb upwards.
You die...

............................#
....##############..........#
....##############.#######..#
...................#######..#
............................#
##########..................#
#..........#######.#
#..........# #.#
#......@...#######.#
##########..................#
....>.............รท.........#
........##########..........#
######..# #...#####..# #..#
#...# #..# #..# #...# #..#
######..##########...#####..#
............................#


There were no monsters in sight!

Vanquished Creatures
  Kirke (Lair:5)
  A frost giant (IceCv)
  2 orc warlords
  5 hydras
  Erolcha (D:12)
  A centaur warrior (Orc:2)
  4 two-headed ogres
  6 death yaks
  A sea snake (Lair:6)
  An unseen horror (D:11)
  A deep elf archer (Orc:2)
  A phantasmal warrior (D:12)
  An orc knight (Orc:1)
  Pikel (D:6)
  A harpy (Lair:6)
  2 orc sorcerers (Orc:1)
  A cyclops (D:12)
  An ugly thing (D:12)
  7 black mambas
  6 elephants
  Maurice (D:8)
  Joseph (D:8)
  Psyche (D:8)
  An ice statue (IceCv)
  A gargoyle (D:10)
  10 spiny frogs
  4 rime drakes
  14 komodo dragons
  13 polar bears
  A hornet (Lair:5)
  5 trolls
  Prince Ribbit (D:8)
  9 slime creatures (D:12)
  4 dream sheep
  27 blink frogs
  16 hippogriffs
  Sigmund (D:2)
  A shadow (D:11)
  Eustachio (D:6)
  5 wyverns
  48 yaks
  3 hogs (Lair:5)
  4 hungry ghosts
  A wraith (D:11)
  A basilisk (Lair:1)
  Menkaure (D:5)
  5 wargs
  2 nagas (Lair:4)
  6 swamp worms (Lair:2)
  10 porcupines
  A soldier ant (D:12)
  12 water moccasins
  5 black bears
  3 ice beasts
  36 orc warriors
  A slave (D:6)
  4 sky beasts
  8 ogres
  16 centaurs
  17 wolves
  A phantom (D:5)
  15 crocodiles
  3 big kobolds
  A gnoll sergeant (D:9)
  17 bullfrogs
  A water moccasin skeleton (D:6)
  4 scorpions
  A killer bee (D:11)
  An electric eel (Lair:2)
  6 howler monkeys
  5 crimson imps
  2 bullfrog zombies
  A quasit (D:11)
  4 hounds
  An iron imp (D:5)
  19 orc wizards
  3 bullfrog skeletons
  A jelly (D:6)
  5 orc priests
  A gnoll shaman (D:7)
  Jessica (D:2)
  7 iguanas
  Crazy Yiuf (D:3)
  11 worker ants
  3 hound skeletons
  A worker ant zombie (D:10)
  15 gnolls
  16 adders
  5 shadow imps
  12 white imps
  2 oozes
  7 worms
  2 dart slugs
  6 leopard geckos
  55 orcs
  10 bats
  3 giant cockroaches
  8 hobgoblins
  4 jackals
  6 quokkas
  4 ball pythons
  6 frilled lizards
  9 goblins
  22 kobolds
  A leopard gecko skeleton (D:4)
  A leopard gecko zombie (D:5)
  A quokka zombie (D:5)
  9 rats
  4 fungi
  A plant (Lair:3)
671 creatures vanquished.

Vanquished Creatures (collateral kills)
  A deep elf mage (D:11)
  A hungry ghost (D:11)
  A crimson imp (D:11)
  A bullfrog zombie (D:11)
4 creatures vanquished.

Vanquished Creatures (others)
  A harpy (Lair:6)
  3 elephants
  A rime drake (Lair:5)
  A komodo dragon (Lair:1)
  A polar bear (IceCv)
  2 blink frogs
  2 slime creatures (D:12)
  A wyvern (Lair:6)
  2 yaks
  A water moccasin (Lair:6)
  An orc warrior (Orc:2)
  An ogre (D:13)
  4 wolves (IceCv)
  A crocodile (Lair:6)
  An orc priest (Orc:2)
  An iguana (D:12)
  An orc wizard (Orc:1)
  2 worker ants (D:7)
  5 orcs
  44 fungi
  40 plants
116 creatures vanquished.

Grand Total: 791 creatures vanquished

Notes
Turn   | Place    | Note
-------+----------+-------------------------------------------
     0 | D:1      | Laphicet the Draconian Assassin began the quest for the Orb.
     0 | D:1      | Reached XP level 1. HP: 17/17 MP: 1/1
   193 | D:1      | Reached skill level 1 in Dodging
   430 | D:1      | Reached XP level 2. HP: 24/25 MP: 2/2
  1170 | D:1      | Reached XP level 3. HP: 30/30 MP: 3/3
  1282 | D:2      | Reached skill level 3 in Fighting
  1585 | D:2      | Noticed Sigmund
  1639 | D:2      | Killed Sigmund
  1639 | D:2      | Reached XP level 4. HP: 18/40 MP: 4/4
  1639 | D:2      | Reached XP level 5. HP: 20/46 MP: 5/5
  1915 | D:2      | Noticed Jessica
  1922 | D:2      | Killed Jessica
  1922 | D:2      | Reached skill level 4 in Fighting
  2489 | D:2      | Reached XP level 6. HP: 45/52 MP: 6/6
  2673 | D:3      | Found a runed door.
  3781 | D:3      | Noticed Crazy Yiuf
  3807 | D:3      | Killed Crazy Yiuf
  4015 | D:4      | Learned a level 2 spell: Blink
  4343 | D:4      | Reached skill level 5 in Stealth
  4509 | D:5      | Entered Level 5 of the Dungeon
  4618 | D:5      | Noticed Grinder
  4631 | D:5      | Noticed Grinder
  4631 | D:5      | Grinder changed into Grinder the iron imp
  4645 | D:5      | Killed Grinder the iron imp
  4645 | D:5      | Reached skill level 1 in Spellcasting
  4645 | D:5      | Your scales start taking on a pale cyan-grey colour.
  4645 | D:5      | Reached XP level 7. HP: 56/60 MP: 8/8
  4765 | D:5      | Reached skill level 5 in Fighting
  4895 | D:5      | Found a staircase to the Ecumenical Temple.
  4904 | Temple   | Entered the Ecumenical Temple
  5197 | Temple   | Became a worshipper of Zin the Law-Giver
  5197 | Temple   | Reached * piety under Zin
  5345 | D:5      | Reached ** piety under Zin
  5804 | D:5      | Reached skill level 1 in Invocations
  5926 | D:5      | Learned a level 1 spell: Sting
  5978 | D:5      | Noticed Menkaure
  5998 | D:5      | Killed Menkaure
  5998 | D:5      | Reached XP level 8. HP: 24/69 MP: 11/11
  6307 | D:5      | Reached skill level 5 in Short Blades
  6896 | D:6      | Noticed Eustachio
  6910 | D:6      | Killed Eustachio
  7167 | D:6      | Learned a level 3 spell: Confuse
  7830 | D:6      | Reached skill level 6 in Fighting
  7952 | D:6      | Noticed Pikel
  8025 | D:6      | Killed Pikel
  8025 | D:6      | Reached skill level 1 in Hexes
  8025 | D:6      | Reached XP level 9. HP: 59/75 MP: 12/14
  8399 | D:7      | Found a shimmering altar of Xom.
  8475 | D:7      | Got a shimmering hand axe {distort}
  8480 | D:7      | Identified the +9 hand axe of Honour {distort, +Blink +Inv rC+ Str+4} (You took it off an orc wizard on level 7 of the Dungeon)
  9545 | D:7      | Reached *** piety under Zin
  9783 | D:8      | Noticed Joseph
  9817 | D:8      | Killed Joseph
  9817 | D:8      | Reached skill level 5 in Dodging
 10040 | D:8      | Reached skill level 7 in Fighting
 10397 | D:8      | Found Gyaram's General Store.
 10427 | D:8      | Bought a scroll of teleportation for 45 gold pieces
 10427 | D:8      | Bought a scroll of identify for 30 gold pieces
 10427 | D:8      | Bought a bread ration for 75 gold pieces
 10443 | D:8      | Reached XP level 10. HP: 83/86 MP: 17/17
 10706 | D:8      | Reached skill level 5 in Invocations
 10919 | D:8      | Noticed Maurice
 10932 | D:8      | Killed Maurice
 10932 | D:8      | Reached skill level 5 in Spellcasting
 10934 | D:8      | Reached **** piety under Zin
 11033 | D:8      | Noticed Psyche
 11042 | D:8      | Found a shadowy altar of Dithmenos.
 11054 | D:8      | Killed Psyche
 11093 | D:8      | Noticed Prince Ribbit
 11107 | D:8      | Killed Prince Ribbit
 11494 | D:9      | Learned a level 2 spell: Swiftness
 12499 | D:9      | Noticed a two-headed ogre
 12542 | D:9      | Noticed a two-headed ogre
 13941 | D:10     | Entered Level 10 of the Dungeon
 14048 | D:9      | Killed a two-headed ogre
 14048 | D:9      | Reached XP level 11. HP: 72/94 MP: 19/19
 14158 | D:9      | Reached skill level 8 in Fighting
 14500 | D:10     | Found a staircase to the Lair.
 14508 | D:10     | Reached ***** piety under Zin
 15228 | D:10     | Identified Alaid's Catalogue of Earthen Intoxication
 15379 | D:10     | Found Tathresa's Armour Shoppe.
 15382 | D:10     | Bought a +0 pair of gloves for 67 gold pieces
 15637 | Lair:1   | Entered Level 1 of the Lair of Beasts
 15721 | D:11     | Killed an unseen horror
 15970 | D:11     | Noticed a two-headed ogre
 15976 | D:11     | Killed a two-headed ogre
 15976 | D:11     | Reached skill level 5 in Hexes
 16040 | D:11     | Noticed a deep elf mage
 16120 | D:11     | Killed a deep elf mage
 16256 | D:11     | Found Sokhuqac's Book Emporium.
 16474 | D:11     | Learned a level 3 spell: Mephitic Cloud
 16688 | D:11     | Found a staircase to the Orcish Mines.
 17212 | D:12     | Noticed Erolcha
 17216 | D:12     | Killed Erolcha
 17236 | D:12     | Found a white marble altar of Elyvilon.
 17279 | D:12     | Noticed a skeletal warrior
 17934 | Lair:1   | Upgraded the game from 0.20-a0-613-g92415a4 to 0.20-a0-622-g01f5896
 17941 | Lair:1   | Reached XP level 12. HP: 49/103 MP: 18/22
 18632 | Lair:1   | Reached skill level 9 in Fighting
 19910 | Lair:2   | Reached skill level 1 in Shields
 20813 | Lair:2   | Found a staircase to the Swamp.
 20846 | Lair:2   | Reached skill level 5 in Shields
 21154 | Swamp:1  | Entered Level 1 of the Swamp
 22652 | Lair:3   | Reached skill level 1 in Air Magic
 23578 | Lair:4   | Reached XP level 13. HP: 83/111 MP: 24/24
 24224 | Lair:4   | Found a staircase to the Snake Pit.
 24728 | Lair:5   | Reached skill level 10 in Fighting
 25300 | Lair:5   | Reached skill level 10 in Stealth
 26021 | Lair:5   | Found a staircase to the Slime Pits.
 26482 | Lair:6   | Entered Level 6 of the Lair of Beasts
 27031 | Lair:3   | Reached skill level 5 in Air Magic
 27396 | Orc:1    | Entered Level 1 of the Orcish Mines
 27603 | Orc:2    | Entered Level 2 of the Orcish Mines
 27616 | Orc:2    | Paralysed by an orc sorcerer for 4 turns
 27620 | Orc:2    | Noticed an orc warlord
 27621 | Orc:2    | Found a frozen archway.
 27624 | IceCv    | Entered an ice cave
 28001 | IceCv    | Reached skill level 1 in Polearms
 29105 | IceCv    | Noticed a frost giant
 29581 | IceCv    | Reached XP level 14. HP: 122/122 MP: 26/26
 29870 | IceCv    | Killed a frost giant
 29870 | IceCv    | Reached skill level 1 in Conjurations
 29870 | IceCv    | Reached skill level 10 in Invocations
 30170 | Orc:2    | Paralysed by an orc sorcerer for 4 turns
 31764 | Orc:1    | Noticed an orc warlord
 32031 | D:11     | Reached skill level 1 in Long Blades
 33592 | Orc:2    | Paralysed by an orc sorcerer for 3 turns
 33863 | Orc:1    | Killed an orc warlord
 34437 | Orc:1    | Reached skill level 11 in Fighting
 35106 | Orc:2    | Found a staircase to the Elven Halls.
 35230 | Orc:2    | Found Rehio's Antique Armour Boutique.
 35794 | Orc:2    | Found Ysamn's Distillery.
 35794 | Orc:2    | Found Feowemy's Magic Scroll Emporium.
 35796 | Orc:2    | Found Ozas's Jewellery Shoppe.
 35798 | Orc:2    | Found Fosyv's Armour Boutique.
 35985 | Orc:2    | Bought a potion of heal wounds for 50 gold pieces
 35985 | Orc:2    | Bought a potion of haste for 100 gold pieces
 35985 | Orc:2    | Bought a potion of heal wounds for 50 gold pieces
 35985 | Orc:2    | Bought a potion of agility for 40 gold pieces
 35987 | Orc:2    | Bought a +2 cloak of magic resistance for 279 gold pieces
 35987 | Orc:2    | Bought the +1 cloak of Starlight {rElec rC+ EV+4 Stlth--} for 578 gold pieces
 36002 | Orc:2    | Bought a scroll of teleportation for 48 gold pieces
 36002 | Orc:2    | Bought a scroll of identify for 32 gold pieces
 36186 | D:11     | Killed an orc warlord
 36560 | D:11     | Learned a level 4 spell: Airstrike
 36854 | Lair:6   | Reached skill level 1 in Axes
 38198 | Lair:6   | Reached skill level 5 in Axes
 38675 | Lair:6   | Noticed Kirke
 38923 | Lair:5   | Noticed a sphinx
 38923 | Lair:5   | Killed Kirke
 40127 | Lair:4   | Reached XP level 15. HP: 124/130 MP: 28/28
 40857 | D:12     | Found Homuig's Assorted Antiques.
 41913 | D:13     | Noticed Nessos
 41940 | D:13     | HP: 3/130 [Nessos/arrow (9)]
 41940 | D:13     | HP: 1/130 [Nessos/arrow (2)]
 41941 | D:12     | Succumbed to Nessos's poison

Vault maps used:
D:1:      nicolae_arrival_washed_ashore, hangedman_abyss_or_decor_stabs
D:2:      first_bread, uniq_jessica, uniq_sigmund
D:3:      chequers_big_river, uniq_crazy_yiuf_cottage
D:4:      wad_crossroads
D:5:      minmay_temple_entry_glass, uniq_menkaure, uniq_grinder
D:6:      uniq_eustachio, uniq_pikel
D:7:      grunt_ogre_cave, xom_confusion_cloud
D:8:      serial_shops, shop_statue, basic_altar, uniq_prince_ribbit1,
          uniq_maurice, uniq_joseph, uniq_psyche
D:10:     due_lair_maze_entry_diamond, serial_shops, kennysheep_mini_moat,
          nicolae_sextant, nrook_mini_backslash
D:11:     minmay_orc_entry_guard_dogs, serial_shops, shop, minmay_misc_feat_iff,
          minmay_joined_circles
D:12:     serial_shops, shop, wad_floor_pattern_untrapped,
          kennysheep_flooded_box, uniq_erolcha
D:13:     nicolae_trove_entry_crystal, uniq_nessos
Temple:   regret_index_temple_sigil_plot
Lair:1:   beast_lair_carwin_11
Lair:2:   nicolae_swamp_entry_splash_gauntlet, guppyfry_lair_drakes
Lair:3:   minmay_lair_venomous_thicket, serial_bayou_shore_a
Lair:4:   guppyfry_snake_entry_island, grunt_megastairs_2
Lair:5:   slime_dummy, minmay_lair_oklob_chamber, grunt_megastairs_3
Lair:6:   gammafunk_lair_ancient_temple, serial_bayou_shore_b,
          grunt_megastairs_4, serial_bayou_shore_b, uniq_kirke
Swamp:1:  evilmike_swamp_ruin_house_3, swamp_pool5, uniq_josephine
Orc:2:    st_orc_rangers, serial_shops, nicolae_shop_overgrown_old_shop,
          portal_ice_cave_entry_imps
IceCv:    ice_cave_caverns_03

Skill      XL: |  1  2  3  4  5  6  7  8  9 10 11 12 13 14 15 |
---------------+----------------------------------------------+-----
Dodging        | 1 2 3 4 5 6 7 |  7.3
Fighting       | 3 4 5 6 7 8 9 10 11 | 11.2
Short Blades   | 3 4 5 6 7 8 |  8.6
Stealth        | 4 5 6 7 8 9 10 | 10.4
Spellcasting   | 1 2 3 4 5 6 7 8 9 |  9.2
Invocations    | 1 3 4 6 7 8 9 10 | 10.6
Hexes          | 1 3 4 5 6 |  6.0
Shields        | 7 |  7.0
Air Magic      | 2 5 6 |  6.5
Polearms       | 4 |  4.0
Conjurations   | 2 |  2.8
Long Blades    | 2 |  2.6
Axes           | 7 9 |  9.2
Throwing       | |  1.7

Action                   |  1- 3 |  4- 6 |  7- 9 | 10-12 | 13-15 || total
-------------------------+-------+-------+-------+-------+-------++-------
Melee: Dagger            |   111 |   172 |   475 |  1245 |   832 ||  2835
       Tailslap          |     9 |    16 |    69 |   185 |   289 ||   568
       Halberd           |       |       |     2 |       |   122 ||   124
       Hand axe          |       |       |       |       |   372 ||   372
       Falchion          |       |       |       |       |   225 ||   225
 Fire: Blowgun           |    10 |     2 |       |       |       ||    12
 Cast: Confuse           |       |       |       |    33 |   113 ||   146
       Blink             |       |       |       |       |    19 ||    19
       Airstrike         |       |       |       |       |     8 ||     8
Invok: Recite            |       |       |     4 |     4 |    30 ||    38
       Vitalisation      |       |       |       |       |     1 ||     1
       Sanctuary         |       |       |       |       |     1 ||     1
       Imprison          |       |       |       |       |     1 ||     1
 Abil: Breathe Steam     |       |       |     7 |    65 |    58 ||   130
Evoke: Wand              |       |     1 |       |    29 |    47 ||    77
       Lightning rod     |       |       |       |     4 |    12 ||    16
       Lamp of fire      |       |       |       |       |     2 ||     2
  Use: Scroll            |       |     1 |     6 |    23 |    13 ||    43
       Potion            |       |       |     8 |     8 |    13 ||    29
 Stab: Sleeping          |     4 |    13 |     8 |    18 |    12 ||    55
       Distracted        |     1 |       |       |     2 |     3 ||     6
       Confused          |       |       |       |    13 |    41 ||    54
       Invisible         |       |       |       |       |    17 ||    17
       Paralysed         |       |       |       |       |    13 ||    13
  Eat: Chunk             |     2 |    10 |     5 |    43 |    33 ||    93
       Fruit             |       |       |     1 |     2 |     5 ||     8
       Meat ration       |       |       |     3 |     2 |     6 ||    11
       Bread ration      |       |       |     1 |       |       ||     1
       Royal jelly       |       |       |       |     3 |     2 ||     5
Armor: Skin              |    35 |    36 |    96 |   313 |   484 ||   964
Dodge: Dodged            |    69 |    93 |   229 |   652 |  1019 ||  2062
Block: Buckler           |       |       |       |    93 |   621 ||   714
       Rpst.: Falchion   |       |       |       |       |    57 ||    57
